 Dungeon Crawl Stone Soup version 0.31.0-1-g2c135a0 (webtiles) character file.

Game seed: 6287066788551953183

128 jagoly the Cudgeller (level 5, -2/33 HPs)
             Began as a Gargoyle Monk on Feb 1, 2024.
             Killed from afar by an orc wizard (9 damage)
             ... with a puff of flame
             ... on level 4 of the Dungeon.
             The game lasted 00:06:14 (946 turns).

jagoly the Cudgeller (Gargoyle Monk)                 Turns: 946, Time: 00:06:14

Health: -2/33      AC:  9    Str: 15    XL:     5   Next: 12%
Magic:  5/5        EV: 11    Int: 12    God:
Gold:   62         SH:  0    Dex: 12    Spells: 4/4 levels left

rFire   . . .        a - +0 mace
rCold   . . .        d - orb {light}
rNeg    + . .        e - +0 ring mail
rPois   ∞            (no helmet)
rElec   +            (no cloak)
rCorr   .            (no gloves)
SInv    .            (no boots)
Will    .....        (no amulet)
Stlth   +            (no ring)
HPRegen 0.25/turn    (no ring)
MPRegen 0.09/turn

%: no passive effects
@: glowing
A: sickness immunity, AC +4, negative energy resistance 1, electricity
resistance, torment resistance 1, petrification resistance
a: no special abilities


You were on level 4 of the Dungeon.
You visited 1 branch of the dungeon, and saw 4 of its levels.

You collected 62 gold pieces.

Inventory:

Hand Weapons
 a - a +0 mace (weapon)
Missiles
 l - 18 stones (quivered)
 t - 8 poisoned darts
Armour
 b - a +0 robe
 d - an orb of light (worn)
 e - a +0 ring mail (worn)
 r - a +0 scale mail
 s - a +0 robe of cold resistance
Scrolls
 g - 3 scrolls of identify {unknown}
 h - a scroll of blinking {unknown}
 i - 3 scrolls of teleportation
 j - a scroll of enchant weapon {unknown}
 m - a scroll of brand weapon {unknown}
 n - 2 scrolls of revelation {unknown}
 o - a scroll of torment {unknown}
Potions
 c - 2 potions of ambrosia
 f - a potion of resistance {unknown}
 k - a potion of curing {unknown}
 p - a potion of invisibility {unknown}
 q - a potion of haste {unknown}


   Skills:
 + Level 3.9 Fighting
 * Level 4.1 Maces & Flails
 + Level 1.8 Armour
 + Level 2.8 Dodging
 + Level 1.8 Stealth


You had 4 spell levels left.
You didn't know any spells.
Your spell library contained the following spells:

 Spells                   Type           Power      Damage    Failure   Level
 Fugue of the Fallen      Necr           0%         N/A       88%         3
 Ozocubu's Armour         Ice            0%         N/A       88%         3
 Manifold Assault         Tloc           0%         N/A       99%         4


Dungeon Overview and Level Annotations

Branches:
Dungeon (4/15) Zot: 23004
 Temple: D:4-7

Altars:
Gozag

Annotations:
D:4 Sigmund


Innate Abilities, Weirdness & Mutations

You are immune to sickness and miasma.
Your stone body is resilient. (AC +4)
You are immune to poison.
You resist negative energy. (rN+)
You are resistant to electric shocks. (rElec)
You are resistant to unholy torment.
You are immune to petrification.


Message History

You barely miss the goblin.
The goblin is heavily wounded.
The goblin closely misses you.
You hit the goblin.
The goblin is severely wounded.
The goblin closely misses you.
You hit the goblin but do no damage.
The goblin is severely wounded.
The goblin hits you with a +0 club.
You closely miss the goblin.
The goblin is severely wounded.
The goblin hits you with a +0 club. x2
You hit the goblin.
You kill the goblin!
Things that are here:
a +0 club; a goblin corpse You see here a frilled lizard corpse.
Found a stone staircase leading down.
Found 4 stones.
There is a stone staircase leading down here.
l - 11 stones (gained 4)
There is a stone staircase leading down here.
You climb downwards.
The adder hisses angrily.
The hobgoblin shouts!
The adder hisses angrily.
There is a stone staircase leading up here.
You hit the adder.
The adder is moderately wounded.
The adder bites you but does no damage. The adder barely misses you.
The adder bites you but does no damage.
The hobgoblin hits you but does no damage.
You climb upwards.
There is a stone staircase leading down here.
You hit the adder.
The adder is heavily wounded.
The adder bites you but does no damage. The hobgoblin barely misses you.
You barely miss the adder.
The adder is heavily wounded.
The adder misses you.
The hobgoblin hits you but does no damage.
The adder bites you but does no damage.
You hit the adder.
The adder is almost dead.
The adder misses you. The hobgoblin barely misses you. x2
The adder bites you but does no damage.
You closely miss the adder.
The adder is almost dead.
The adder bites you but does no damage. The hobgoblin hits you.
You closely miss the adder.
The adder is almost dead.
The adder bites you but does no damage. The hobgoblin closely misses you.
The adder bites you but does no damage.
You hit the adder.
You kill the adder!
The hobgoblin hits you but does no damage.
Your Armour skill increases to level 1!
Your Stealth skill increases to level 1!
You have reached level 3!
Your experience leads to an increase in your attributes!
Increase (S)trength, (I)ntelligence, or (D)exterity?
You feel clever. x2
You hit the hobgoblin but do no damage.
The hobgoblin hits you but does no damage.
The hobgoblin closely misses you.
You hit the hobgoblin.
The hobgoblin is heavily wounded.
The hobgoblin hits you.
You hit the hobgoblin but do no damage.
The hobgoblin is heavily wounded.
The hobgoblin barely misses you.
You hit the hobgoblin.
You kill the hobgoblin!
No target in view!
No target in view!
You climb downwards.
The adder barely misses you. x2
There is a stone staircase leading up here.
You hit the adder.
The adder is lightly wounded.
The adder bites you but does no damage.
You hit the adder.
The adder is moderately wounded.
The adder misses you. The adder bites you but does no damage.
You hit the adder but do no damage.
The adder is moderately wounded.
The adder bites you but does no damage. The adder closely misses you.
You hit the adder.
The adder is heavily wounded.
The adder misses you.
You hit the adder.
The adder is severely wounded.
The adder bites you but does no damage. x2
You hit the adder.
The adder is almost dead.
The adder closely misses you.
You sock the adder!
You kill the adder!
No target in view!
An endoplasm comes into view.
The endoplasm quivers.
Found a book of Battle.
The endoplasm freezes you.
You are frozen.
You hit the endoplasm but do no damage. The endoplasm closely misses you.
You hit the endoplasm but do no damage.
The endoplasm hits you but does no damage.
You hit the endoplasm.
The endoplasm is heavily wounded.
The endoplasm hits you but does no damage. x2
You hit the endoplasm.
The endoplasm is almost dead.
The endoplasm misses you.
You hit the endoplasm.
You kill the endoplasm!
No target in view!
A giant cockroach comes into view.
A giant cockroach is nearby!
An adder comes into view.
You hit the giant cockroach but do no damage.
The giant cockroach bites you but does no damage.
The giant cockroach completely misses you.
You hit the giant cockroach.
You kill the giant cockroach!
The adder bites you but does no damage.
You hit the adder but do no damage. The adder bites you.
The adder bites you but does no damage.
You hit the adder.
The adder is heavily wounded.
The adder bites you.
You barely miss the adder.
The adder is heavily wounded.
The adder bites you but does no damage. The adder barely misses you.
You barely miss the adder.
The adder is heavily wounded.
The adder closely misses you.
You hit the adder.
The adder is severely wounded.
The adder bites you but does no damage. x2
You completely miss the adder.
The adder is severely wounded.
The adder bites you but does no damage. x2
You hit the adder.
The adder is almost dead.
The adder bites you but does no damage. The adder closely misses you.
Things that are here:
a book of Battle; a giant cockroach corpse You hit the adder.
You kill the adder!
You pick up a book of Battle and begin reading...
You add the spells Fugue of the Fallen, Ozocubu's Armour and Manifold Assault to your library.
A rat comes into view.
Found a stone staircase leading down.
The rat squeaks loudly.
You hit the rat.
The rat is heavily wounded.
The rat closely misses you. The rat barely misses you.
You barely miss the rat.
The rat is heavily wounded.
The rat closely misses you.
You sock the rat!
You kill the rat!
No target in view!
No target in view!
There is a stone staircase leading down here.
You climb downwards.
Found an escape hatch in the ceiling.
There is a stone staircase leading up here.
There is an escape hatch in the ceiling here.
Found a stone staircase leading down and a stone staircase leading up.
There is a stone staircase leading up here.
You climb upwards.
There is a stone staircase leading down here.
Found a stone staircase leading down.
An orc and a goblin come into view.
The orc shouts!
The goblin shouts!
You hear a shout!
An orc comes into view. It is wielding a +0 hand axe.
An orc comes into view. It is wielding a +0 mace.
An orc and an endoplasm come into view.
The orc shouts! x3
The endoplasm quivers.
You hear a shout!
The endoplasm moves out of view.
A quokka comes into view.
An adder comes into view.
The adder hisses angrily.
The adder bites you but does no damage.
Found a glowing robe.
The adder misses you. The adder bites you but does no damage.
Found a scroll labelled OZAKOGU JIEF.
The adder bites you.
Found a stone staircase leading up.
The adder bites you.
You sock the adder!
The adder is severely wounded.
The adder misses you.
You closely miss the adder.
The adder is severely wounded.
The adder bites you but does no damage. The adder bites you.
You sock the adder!
You kill the adder!
You have reached level 4!
You feel stronger.
You hit the endoplasm.
The endoplasm is almost dead.
The endoplasm hits you but does no damage.
The endoplasm jiggles.
The endoplasm freezes you.
You are frozen.
You hit the endoplasm.
You kill the endoplasm!
The quokka bites you but does no damage.
You hit the quokka.
The quokka is heavily wounded.
The quokka bites you.
You hit the quokka.
You kill the quokka!
You barely miss the orc. The orc barely misses you.
You hit the orc.
The orc is heavily wounded.
The orc closely misses you. The orc hits you with a +0 club.
You hit the orc.
You kill the orc!
The goblin hits you but does no damage.
You sock the goblin!
You kill the goblin!
You hit the orc.
The orc is moderately wounded.
The orc closely misses you.
An orc comes into view. It is wielding a +0 mace.
The orc shouts!
You hit the orc but do no damage.
The orc is moderately wounded.
The orc completely misses you.
You hit the orc.
The orc is heavily wounded.
The orc misses you. The orc barely misses you.
You barely miss the orc.
The orc is moderately wounded.
The orc misses you.
You hit the orc.
You kill the orc!
You thump the orc!
You kill the orc!
You hit the orc.
The orc is moderately wounded.
The orc misses you.
You sock the orc!
You kill the orc!
The orc hits you but does no damage.
You sock the orc!
You kill the orc!
No target in view!
No target in view!
Items here: )))))) [ ††††††.
Okay, then.
r - a +0 scale mail You see here a +0 robe of cold resistance.
n - 2 scrolls labelled OZAKOGU JIEF (gained 1)
You see here a +0 robe of cold resistance.
s - a +0 robe of cold resistance HP restored.
Items here: )))))) ††††††. 2 kobolds come into view.
The kobold shouts!
You hear a loud squeak.
A kobold comes into view. It is wielding a +0 dagger.
The kobold moves out of view. 2 kobolds come into view.
A kobold is wielding a +0 dagger and quivering poisoned darts.
Found a frilled lizard skeleton.
The kobold shouts! x3
There is a stone staircase leading down here.
Found a rat skeleton.
You hit the kobold.
The kobold is heavily wounded.
The kobold hits you but does no damage.
You closely miss the kobold.
The kobold is heavily wounded.
The kobold hits the plant with a +0 whip.
The plant begins to die.
The kobold hits the plant with a +0 dagger.
The kobold hits the bush but does no damage.
The kobold hits you but does no damage.
You hit the kobold.
You kill the kobold!
The kobold hits the plant with a +0 whip.
The kobold hits the bush but does no damage.
You hit the kobold.
You kill the kobold!
The kobold hits the bush but does no damage.
The kobold hits you but does no damage.
The kobold hits the plant with a +0 whip.
The kobold hits the bush but does no damage.
You hit the kobold.
You kill the kobold!
A nearby plant withers and dies.
You hit the kobold.
You kill the kobold!
The kobold throws a poisoned dart.
The poisoned dart barely misses you.
A rat comes into view.
The rat squeaks loudly.
The kobold barely misses you.
Items here: ( )))) †.
You closely miss the kobold.
A nearby plant withers and dies.
The kobold hits you but does no damage.
You sock the kobold!
You kill the kobold!
A nearby plant withers and dies.
The rat twitches its whiskers.
A rat comes into view.
The rat squeaks loudly.
You hear a loud squeak.
Things that are here:
a +0 dagger; 8 poisoned darts A rat comes into view.
The rat squeaks loudly.
The rat bites you.
You hit the rat.
The rat is heavily wounded.
The rat bites you. x2
You hit the rat.
You kill the rat!
You barely miss the rat. The rat barely misses you.
You barely miss the rat. The rat closely misses you.
You hit the rat but do no damage. The rat bites you but does no damage.
The rat misses you.
You sock the rat!
You kill the rat!
The rat bites you but does no damage. x2
You hit the rat but do no damage. The rat barely misses you.
You barely miss the rat. The rat misses you.
You sock the rat!
You kill the rat!
No target in view!
No target in view!
Press: ? - help, v - describe, . - travel, g - get item
Items here: a +0 dagger; 8 poisoned darts.
The floor, spattered with blood.
This square is lit by a halo.
Things that are here:
a +0 dagger; 8 poisoned darts
t - 8 poisoned darts You see here a +0 dagger.
l - 18 stones (gained 7)
Items here: )))) †.
There is a stone staircase leading down here.
You climb downwards.
There is a stone staircase leading up here.
Natasha, Servant of Life and Death comes into view.
Natasha hisses angrily.
Natasha stares at you and mumbles some strange words.
You feel yourself slow down. Natasha casts a spell at you.
You feel as though you will be slow longer.
You hit Natasha.
Natasha is moderately wounded.
Natasha claws you. Natasha closely misses you.
You barely miss Natasha.
Natasha is moderately wounded.
Natasha closely misses you. Natasha casts a spell at you.
You resist with some effort.
You barely miss Natasha.
Natasha is moderately wounded.
Natasha claws you but does no damage.
You barely miss Natasha.
Natasha is moderately wounded.
Natasha claws you! Natasha claws you but does no damage.
You hit Natasha but do no damage.
Natasha is moderately wounded.
Natasha misses you. Natasha claws you.
You sock Natasha!
Natasha is severely wounded.
Natasha barely misses you. Natasha closely misses you.
You hit Natasha.
Natasha is almost dead.
Natasha claws you. Natasha closely misses you.
You barely miss Natasha.
Natasha is almost dead.
Natasha claws you.
You closely miss Natasha.
Natasha is almost dead.
Natasha casts a spell.
Natasha closely misses you.
You hit Natasha.
You kill Natasha!
Natasha screams in fury as she dies!
The cerulean imp disappears in a puff of smoke!
Your Maces & Flails skill increases to level 4!
You see here the felid corpse of Natasha.
An orc comes into view. It is wielding a +0 club.
The orc shouts!
An orc is nearby!
You hit the orc.
The orc is moderately wounded.
A goblin comes into view. It is wielding a +0 dagger.
The orc hits you but does no damage. x2
You hit the orc.
You kill the orc!
You feel yourself speed up.
A hobgoblin comes into view.
The hobgoblin shouts!
The hobgoblin hits you.
You hit the hobgoblin.
The hobgoblin is heavily wounded.
The hobgoblin hits you. The hobgoblin misses you.
You hit the hobgoblin.
You kill the hobgoblin!
You have reached level 5!
You see here a hobgoblin corpse.
An endoplasm comes into view.
The endoplasm moves out of view.
You hit the goblin.
The goblin is severely wounded.
The goblin hits you but does no damage. x2
You sock the goblin!
You kill the goblin!
The endoplasm hits you.
You hit the endoplasm but do no damage. The endoplasm freezes you.
You are frozen.
You hit the endoplasm.
The endoplasm is almost dead.
The endoplasm barely misses you.
The endoplasm jiggles.
The endoplasm hits you but does no damage.
You hit the endoplasm.
You kill the endoplasm!
An endoplasm comes into view.
An adder comes into view.
The endoplasm quivers.
The adder hisses angrily.
You hit the adder.
The adder is heavily wounded.
The adder bites you but does no damage. The adder bites you.
You barely miss the adder.
The adder is heavily wounded.
The adder bites you but does no damage. The adder barely misses you.
You hit the adder.
The adder is almost dead.
The adder bites you but does no damage.
You hit the adder.
You kill the adder!
The endoplasm hits you but does no damage.
You hit the endoplasm.
You kill the endoplasm!
Sigmund the Dreaded comes into view.
He is wielding a +0 scythe.
Found a cloak.
Sigmund shouts!
Okay, then.
You aren't carrying any items that you can evoke.
Okay, then.
A bullfrog comes into view.
The bullfrog croaks.
The bullfrog completely misses you. The bullfrog attacks as it pursues you!
The bullfrog hits you but does no damage.
The bullfrog hits you but does no damage.
Found an opulent altar of Gozag.
The bullfrog closely misses you. Sigmund casts a spell at you.
The magic dart hits you! The bullfrog attacks as it pursues you!
The bullfrog closely misses you. The bullfrog hits you.
* * * LOW HITPOINT WARNING * * *
Sigmund gestures wildly while chanting.
Sigmund flickers and vanishes!
Deactivating autopickup; reactivate with Ctrl-A.
Okay, then.
As you read the scroll labelled KONNEDGH ATIOKHI, it crumbles to dust.
You feel strangely unstable.
It was a scroll of teleportation.
The bullfrog hits you but does no damage.
Hit: a) +0 mace
Press: ? - help, Dir - move target, f - bullfrog
Aim: a bullfrog (haloed, about 28% to evade your +0 mace)
You completely miss the bullfrog. The bullfrog hits you.
* * * LOW HITPOINT WARNING * * *
The bullfrog barely misses you.
Unknown command.
Hit: a) +0 mace
Press: ? - help, Dir - move target, f/p - bullfrog
Aim: a bullfrog (haloed, about 28% to evade your +0 mace)
You closely miss the bullfrog.
The bullfrog hits you but does no damage. x2
Hit: a) +0 mace
Press: ? - help, Dir - move target, f/p - bullfrog
Aim: a bullfrog (haloed, about 28% to evade your +0 mace)
You sock the bullfrog!
The bullfrog is moderately wounded.
Your surroundings suddenly seem different.
Found a stone staircase leading down. 2 orc wizards come into view.
The orc wizard shouts! x2; You hear a shout!
An orc comes into view. It is wielding a +0 flail.
The orc wizard casts a spell at you. The magic dart hits you.
* * * LOW HITPOINT WARNING * * *
Unknown command.
Unknown command.
Found 5 gold pieces.
An orc comes into view. It is wielding a +0 mace.
The orc shouts!
There is a stone staircase leading down here.
The orc wizard points at you and mumbles some strange words.
The puff of flame hits you!
You die...

#....##.#
##.....#.
.....o.
#.....
#..o.
#.#.#
#.#.###
#...@.#
###.....#
###...#
$..# ...#
.o.# ...#
#..#


You could see an orc wizard and an orc.

Vanquished Creatures
  Natasha (D:4)
  5 adders
  6 orcs
  A ball python (D:1)
  5 endoplasms
  3 giant cockroaches
  4 hobgoblins
  3 jackals (D:1)
  5 kobolds (D:3)
  2 quokkas
  2 bats (D:1)
  A frilled lizard (D:2)
  6 goblins
  6 rats
50 creatures vanquished.

Notes
Turn   | Place    | Note
-------+----------+-------------------------------------------
     0 | D:1      | jagoly the Gargoyle Monk began the quest for the Orb.
     0 | D:1      | Reached XP level 1. HP: 14/14 MP: 1/1
   140 | D:1      | Reached XP level 2. HP: 19/19 MP: 2/2
   607 | D:2      | Reached skill level 1 in Armour
   607 | D:2      | Reached skill level 1 in Stealth
   607 | D:2      | Reached XP level 3. HP: 20/23 MP: 3/3
   731 | D:3      | Reached XP level 4. HP: 24/29 MP: 4/4
   872 | D:4      | Noticed Natasha
   883 | D:4      | Killed Natasha
   884 | D:4      | Reached skill level 4 in Maces & Flails
   907 | D:4      | Reached XP level 5. HP: 25/33 MP: 5/5
   929 | D:4      | Noticed Sigmund
   937 | D:4      | Found an opulent altar of Gozag.
   946 | D:4      | Killed from afar by an orc wizard

Illustrated notes

Levels and vault maps discovered:
D:1:      minmay_arrival_checkered_box, layout_loops_ring,
          chequers_serial_rivers_large_a, minmay_misc_feat_rugged
D:2:      layout_rooms, serial_shops, nicolae_shop_just_a_little_nook
D:3:      layout_rooms, serial_shops, shop, shop, lexackson_kobold_supper
D:4:      layout_loops_ring, mainiacjoe_overflow_cross_hatched,
          minmay_misc_feat_tiny, uniq_edmund, uniq_sigmund, uniq_natasha

Skill      XL: |  1  2  3  4 |
---------------+-------------+-----
Armour         | 1 |  1.8
Stealth        | 1 |  1.8
Maces & Flails | 4 |  4.1
Fighting       | |  3.9
Dodging        | |  2.8

Action                     |  1- 3 |  4- 6 || total
---------------------------+-------+-------++-------
  Melee: Mace              |    88 |    61 ||   149
    Use: Scroll            |       |     1 ||     1
 Armour: Ring mail         |    71 |    46 ||   117
  Dodge: Dodged            |    49 |    29 ||    78
